 Dungeon Crawl Stone Soup version 0.25-a0-365-g7600c65aa0 (webtiles) character file.

Game seed: 17546232738662420659, levelgen mode: deterministic

113 ANON1729 the Slasher (level 4, 0/37 HPs)
             Began as a Barachi Monk on Jan 5, 2020.
             Was a Believer of the Shining One.
             Slain by an orc
             ... wielding a +0 short sword
              (4 damage)
             ... on level 3 of the Dungeon.
             The game lasted 00:04:14 (3598 turns).

ANON1729 the Slasher (Barachi Monk)                 Turns: 3598, Time: 00:04:15

Health: 0/37       AC:  2    Str: 12    XL:     4   Next: 96%
Magic:  4/4        EV: 14    Int: 11    God:    the Shining One [**....]
Gold:   104        SH:  0    Dex: 15    Spells: 3/3 levels left

rFire    . . .     SeeInvis .   a - +0 falchion
rCold    . . .     Gourm    .   (no shield)
rNeg     + . .     Faith    .   b - +0 robe
rPois    .         Spirit   .   (no helmet)
rElec    .         Reflect  .   (no cloak)
rCorr    .         Harm     .   (no gloves)
MR       .....                  (no boots)
Stlth    +.........             (no amulet)
HPRegen  0.12/turn              (no ring)
MPRegen  0.09/turn              (no ring)

@: glowing, slow
A: +LOS, swims, slowness 1, strong legs 1
a: Hop, Divine Shield, Renounce Religion


You were on level 3 of the Dungeon.
You worshipped the Shining One.
The Shining One was pleased with you.
You were not hungry.

You visited 1 branch of the dungeon, and saw 3 of its levels.

You collected 104 gold pieces.

Inventory:

Hand Weapons
 a - a +0 falchion (weapon)
Armour
 b - a +0 robe (worn)
Wands
 j - a wand of digging (8)
Scrolls
 e - 2 scrolls of amnesia {unknown}
 f - a scroll of random uselessness {unknown}
 g - 2 scrolls of enchant armour {unknown}
 h - 2 scrolls of identify {unknown}
 k - 2 scrolls of teleportation {unknown}
Potions
 d - a potion of brilliance {unknown}
 i - a potion of haste {unknown}
 l - a potion of curing {unknown}
Comestibles
 c - 5 rations


   Skills:
 + Level 4.1 Fighting
 * Level 4.8 Long Blades
 + Level 1.2 Armour
 * Level 4.3 Dodging
 + Level 2.3 Stealth


You had 3 spell levels left.
You didn't know any spells.
Your spell library was empty.

Dungeon Overview and Level Annotations

Branches:
Dungeon (3/15)

Altars:
Qazlal
The Shining One

Annotations:
D:2 1 runed translucent door, Crazy Yiuf


Innate Abilities, Weirdness & Mutations

You can be seen from farther away. (+LOS)
You can swim through water.
You cover ground slowly.
You can hop short distances.


Message History

The orc barely misses you.
You hit the orc.
The orc is severely wounded.
The orc hits you but does no damage.
You hit the orc but do no damage.
The orc is severely wounded.
The orc hits you with a +0 club.
* * * LOW HITPOINT WARNING * * *
You barely miss the orc.
The orc is severely wounded.
The orc hits you with a +0 club.
* * * LOW HITPOINT WARNING * * *
You hit the orc.
The orc is almost dead.
The orc misses you.
You riposte.
You hit the orc.
You kill the orc!
You hit the orc.
The orc is severely wounded.
The orc hits you with a +0 short sword.
You die...

.....#
..........#....####..##.##
.#####
..........................
.#
..........########......##
.##
.......)..########......##
..#
.......).....#..........##
..#
..#######....#......>.(.#
..# #....#........### ..#
#o####.....#.## ..# #@#
#.....#.# ..# #.#
###.###.# ..# #.# #.# #.#
..# #.# #.# #.# ..# #.#
#.# #.# ..# #.# #.# #.#
### #.# #.# #.# #.# #.#
#.# #.# #.# #.#


You could see an orc.

Vanquished Creatures
  Jessica (D:2)
  2 adders
  2 worms (D:3)
  3 dart slugs
  4 orcs (D:3)
  4 bats
  5 giant cockroaches
  3 goblins (D:1)
  A hobgoblin (D:3)
  6 jackals
  6 kobolds
  2 quokkas
  3 frilled lizards (D:2)
  10 rats
52 creatures vanquished.

Vanquished Creatures (others)
  A bat (D:2)
1 creature vanquished.

Grand Total: 53 creatures vanquished

Notes
Turn   | Place    | Note
-------+----------+-------------------------------------------
     0 | D:1      | ANON1729 the Barachi Monk began the quest for the Orb.
     0 | D:1      | Reached XP level 1. HP: 18/18 MP: 1/1
   349 | D:1      | Reached XP level 2. HP: 25/25 MP: 2/2
   580 | D:1      | Reached XP level 3. HP: 30/30 MP: 3/3
  1309 | D:2      | Noticed Jessica
  2320 | D:2      | Found a stormy altar of Qazlal.
  2370 | D:2      | Found a runed translucent door.
  2371 | D:2      | Noticed Crazy Yiuf
  2426 | D:2      | Killed Jessica
  2426 | D:2      | Reached skill level 1 in Armour
  2426 | D:2      | Reached XP level 4. HP: 16/37 MP: 4/4
  3005 | D:3      | Found a glowing golden altar of the Shining One.
  3026 | D:3      | Became a worshipper of the Shining One
  3026 | D:3      | Reached * piety under the Shining One
  3026 | D:3      | Reached ** piety under the Shining One
  3598 | D:3      | Slain by an orc

Levels and vault maps discovered:
D:1:      lemuel_arrival_broad_hall, layout_basic, minmay_misc_feat_more_columns
D:2:      layout_loops_ring, grunt_qazlal_clouds, grunt_decor_fettered,
          uniq_crazy_yiuf_cottage, uniq_jessica
D:3:      layout_basic, nicolae_overflow_crystal_walls

Skill      XL: |  1  2  3 |
---------------+----------+-----
Long Blades    | 4 |  4.8
Stealth        | 2 |  2.3
Fighting       | 4 |  4.1
Armour         | 1 |  1.2
Dodging        | 4 |  4.3

Action                   |  1- 3 |  4- 6 || total
-------------------------+-------+-------++-------
Melee: Falchion          |   103 |    65 ||   168
 Stab: Sleeping          |     9 |       ||     9
  Eat: Chunk             |     2 |     4 ||     6
       Ration            |     1 |       ||     1
Armor: Robe              |    13 |     7 ||    20
Dodge: Dodged            |    78 |    53 ||   131
       Rpst.: Falchion   |    30 |    11 ||    41

Table legend:
 A = Non-vault XP
 B = Vault XP
 C = Vault XP percentage of total XP
 D = Non-vault monster count
 E = Vault monster count
 F = Vault count percentage of total count
                 A         B        C        D         E       F
            +---------+---------+-------+---------+---------+-------
      Total |     125 |      37 |  22.8 |      51 |       1 |   1.9
            +---------+---------+-------+---------+---------+-------
        D:1 |      41 |       0 |   0.0 |      22 |       0 |   0.0
        D:2 |      28 |      37 |  56.9 |      10 |       1 |   9.1
        D:3 |      56 |       0 |   0.0 |      19 |       0 |   0.0
            +---------+---------+-------+---------+---------+-------
